 Dungeon Crawl Stone Soup version 0.30.0-19-g36f170ea60 (webtiles) character file.

Game seed: 5046746172335100620

80 hawla the Gusty (level 4, 0/33 HPs)
             Began as a Meteoran Air Elementalist on May 30, 2023.
             Slain by Pargi (2 damage)
             ... on level 3 of the Dungeon.
             The game lasted 00:04:52 (373 turns).

hawla the Gusty (Meteoran Air Elementalist)          Turns: 373, Time: 00:04:52

Health: 0/33       AC:  3    Str:  9    XL:     4   Next: 98%
Magic:  1/10       EV: 12    Int: 19    God:
Gold:   27         SH:  0    Dex: 14    Spells: 7/10 levels left

rFire   . . .        d - +0 dagger (drain)
rCold   . . .        (no shield)
rNeg    . . .        a - +1 robe
rPois   .            (no helmet)
rElec   .            (no cloak)
rCorr   .            (no gloves)
SInv    .            (no boots)
Will    .....        (no amulet)
Stlth   +            (no ring)
HPRegen 0.25/turn    (no ring)
MPRegen 0.12/turn

%: no passive effects
@: glowing
A: sense surroundings 1, otherworldly, glowing, explore regen
a: no special abilities


You were on level 3 of the Dungeon.
You visited 1 branch of the dungeon, and saw 3 of its levels.

You collected 27 gold pieces.

Inventory:

Hand Weapons
 d - a +0 dagger of draining (weapon)
Missiles
 c - 4 poisoned darts (quivered)
Armour
 a - a +1 robe (worn)
Magical Staves
 h - a staff of fire
Wands
 i - a wand of acid (3)
Scrolls
 g - a scroll of brand weapon {unknown}
 j - a scroll of identify
 k - a scroll of poison {unknown}
Potions
 b - a potion of resistance
 f - a potion of cancellation {unknown}


   Skills:
 - Level 0.3 Fighting
 - Level 0.2 Short Blades
 + Level 0.5 Throwing
 - Level 2.7 Dodging
 - Level 1.4 Stealth
 - Level 3.9 Spellcasting
 - Level 2.1 Conjurations
 + Level 0.5 Fire Magic
 - Level 4.5 Air Magic
 + Level 0.4 Evocations


You had 7 spell levels left.
You knew the following spells:

 Your Spells              Type           Power      Damage    Failure   Level
a - Shock                 Conj/Air       64%        1d7       3%          1
b - Static Discharge      Conj/Air       32%        2-4/arc   5%          2

Your spell library contained the following spells:

 Spells                   Type           Power      Damage    Failure   Level
 Swiftness                Air            20%        N/A       7%          3
 Airstrike                Air            10%        2d(2-18)  22%         4


Dungeon Overview and Level Annotations

Branches:
Dungeon (3/15) Zot: 1428

Altars:

Annotations:
D:1 2 runed translucent doors
D:3 Pargi


Innate Abilities, Weirdness & Mutations

You passively map a small area around you.
You are easily found by Zot.
You glow in the dark.
You regain HP and MP as you explore.


Message History

Pargi is moderately wounded.
The lightning grounds out.
Pargi is struck by an arc of lightning.
Pargi is heavily wounded.
You are struck by an arc of lightning.
Pargi is struck by an arc of lightning.
Pargi is heavily wounded.
You are struck by an arc of lightning.
The lightning grounds out.
Pargi pleads, "Don't hit me!"
Pargi bites you. Pargi claws you but does no damage. Pargi claws you.
Casting: Static Discharge (safe; 5% risk of failure)
Confirm with . or Enter, or press ? or * to list all spells.
Pargi is struck by an arc of lightning.
Pargi is heavily wounded.
You are struck by an arc of lightning.
The lightning grounds out.
Pargi completely misses you. Pargi claws you.
Pargi claws you but does no damage.
It was a potion of heal wounds.
You feel much better. Pargi bites you. Pargi barely misses you.
Pargi closely misses you.
You closely miss Pargi.
Pargi is heavily wounded.
The rat bites you. Pargi bites you. Pargi claws you. x2
You barely miss Pargi.
Pargi is heavily wounded.
The rat bites you but does no damage. Pargi bites you. Pargi misses you.
Pargi claws you but does no damage. The rat closely misses you.
You barely miss Pargi.
Pargi is heavily wounded.
The rat completely misses you. Pargi bites you.
Pargi claws you but does no damage. Pargi claws you. The rat bites you.
A goblin comes into view. It is wielding a +0 club.
The goblin shouts!
Pargi bites you.
* * * LOW HITPOINT WARNING * * *
Pargi misses you. Pargi claws you.
* * * LOW HITPOINT WARNING * * *
The rat barely misses you. The rat attacks as you move away! The rat bites you.
* * * LOW HITPOINT WARNING * * *
Pargi attacks as you move away! Pargi bites you but does no damage.
Pargi claws you.
You die...

, * * ,, , ,, ###### ,,
#....# .. * #....#
####### ~
~...########....###..T..T
* ~~....†rT.........#.#*
*~
~~>.###r@.....#.....#####
* * *
##...........#.##........
~
##..........#.....†####.
~*
*#######...(####........
* #...## .....##### *
#...........# #. ~ *
#.g.........# ## *~ *
...........##### ,
.............


You could see Pargi, a goblin and 2 rats.

Vanquished Creatures
  Terence (D:3)
  2 adders
  A dart slug (D:3)
  An endoplasm (D:3)
  A giant cockroach (D:1)
  5 goblins
  4 hobgoblins
  2 jackals (D:3)
  3 kobolds (D:3)
  3 quokkas
  2 ball pythons
  3 bats
  4 rats (D:3)
32 creatures vanquished.

Notes
Turn   | Place    | Note
-------+----------+-------------------------------------------
     0 | D:1      | hawla the Meteoran Air Elementalist began the quest for the
                  | Orb.
     0 | D:1      | Reached XP level 1. HP: 14/14 MP: 5/5
    35 | D:1      | Found a large runed translucent door.
    35 | D:1      | Found a large runed translucent door.
    77 | D:1      | Reached XP level 2. HP: 14/18 MP: 2/7
    86 | D:1      | Learned a level 2 spell: Static Discharge
   145 | D:2      | Reached skill level 4 in Air Magic
   145 | D:2      | Reached XP level 3. HP: 19/26 MP: 0/8
   157 | D:3      | Noticed Terence
   163 | D:3      | Killed Terence
   164 | D:3      | Reached XP level 4. HP: 19/33 MP: 2/10
   348 | D:3      | Noticed Pargi
   373 | D:3      | Slain by Pargi

Illustrated notes

Levels and vault maps discovered:
D:1:      erik_arrival_cave_to_civilisation [erik_arrival_cave_to_temple],
          layout_basic, serial_park_tiny_2, interstate_on_off
D:2:      layout_basic, nicolae_ecumenical_lake_church, serial_bayou_pond_e,
          minmay_misc_feat_x, chequers_serial_rivers_small_a
D:3:      layout_rooms, lightli_sewer_entry_pipes, serial_shops, shop,
          st_stairs_11, kennysheep_decorative_pillar, minmay_misc_feat_square,
          uniq_pargi, uniq_terence

Skill      XL: |  1  2  3  4 |
---------------+-------------+-----
Spellcasting   | 3 |  3.9
Air Magic      | 4 |  4.5
Conjurations   | 2 |  2.1
Fighting       | |  0.3
Short Blades   | |  0.2
Throwing       | |  0.5
Dodging        | |  2.7
Stealth        | |  1.4
Fire Magic     | |  0.5
Evocations     | |  0.4

Action                     |  1- 3 |  4- 6 || total
---------------------------+-------+-------++-------
  Melee: Dagger            |    14 |     7 ||    21
   Cast: Shock             |    16 |    21 ||    37
         Static Discharge  |     7 |     9 ||    16
    Use: Potion            |     1 |     1 ||     2
         Scroll            |       |     2 ||     2
 Armour: Robe              |     3 |     9 ||    12
  Dodge: Dodged            |    17 |    15 ||    32
